 Dungeon Crawl Stone Soup version 0.29-a0-1019-g84f7d21838 (webtiles) character file.

Game seed: 9567746712615243043

25217 wingedge the Corrupter of Planes (level 12, 0/92 HPs)
             Began as a Demonspawn Abyssal Knight on Aug 10, 2022.
             Was the Champion of Lugonu.
             Slain by a skeletal warrior
             ... wielding a +0 glaive
              (21 damage)
             ... on level 11 of the Dungeon.
             The game lasted 01:32:39 (12150 turns).

wingedge the Corrupter of Planes (DsAK)            Turns: 12150, Time: 01:32:40

Health: 0/92       AC: 24    Str: 18    XL:     12   Next: 87%
Magic:  27/31      EV: 12    Int: 28    God:    Lugonu [******]
Gold:   458        SH:  0    Dex: 10    Spells: 8/25 levels left

rFire   . . .      SeeInvis .   a - +5 great sword (distort)
rCold   . . .      Faith    .   (shield currently unavailable)
rNeg    . . .      Spirit   .   o - +4 ring mail of Neijieg {Contam Will+ Regen+ Str+2}
rPois   .          Reflect  .   (helmet unavailable)
rElec   +          Harm     .   d - +0 cloak of Feasting {rElec Str+2 Int+7 Dex-5}
rCorr   .          Rampage  .   Y - +0 pair of gloves
Will    .....                   q - +2 pair of boots
Stlth   +.........              F - amulet of magic regeneration
HPRegen 1.05/turn               w - +6 ring of intelligence
MPRegen 0.84/turn               s - ring of magical power

@: weak-willed, sanguine armoured, unable to drink
A: horns 3, foul stench 1, augmentation 1, magic regeneration, sanguine armour
2, inability to drink while threatened 1
a: Renounce Religion, Depart the Abyss, Bend Space, Banish, Corrupt, Enter the
Abyss


You were on level 11 of the Dungeon.
You worshipped Lugonu.
Lugonu was exalted by your worship.
You visited 1 branch of the dungeon, and saw 11 of its levels.
You visited the Abyss 1 time.
You visited 1 bazaar.
You also visited: Ice Cave.

You collected 977 gold pieces.
You spent 519 gold pieces at shops.

Inventory:

Hand Weapons
 a - a +5 great sword of distortion (weapon)
 r - a +2 vampiric falchion
 L - a +3 shortbow
 M - a +1 long sword of flaming
 U - a +5 long sword
Missiles
 D - a curare-tipped dart
Armour
 d - the +0 cloak of Feasting (worn) {rElec Str+2 Int+7 Dex-5}
   (You bought it in a shop in a bazaar)

   Str:       It affects your strength (+2).
   Int:       It affects your intelligence (+7).
   Dex:       It affects your dexterity (-5).
   rElec:     It insulates you from electricity.
 j - a +0 cloak of cold resistance
 o - the +4 ring mail of Neijieg (worn) {Contam Will+ Regen+ Str+2}
   (You found it on level 2 of the Dungeon)

   Str:       It affects your strength (+2).
   Contam:    It causes magical contamination when unequipped.
   Regen:     It increases your rate of health regeneration.
   Will:      It increases your willpower.
 q - a +2 pair of boots (worn)
 H - an orb of guile
 O - a +0 robe of resistance
 V - the +6 scale mail of Dogmatism {rPois Int+3}
   (You found it in an ice cave)

   Int:       It affects your intelligence (+3).
   rPois:     It protects you from poison.
 Y - a +0 pair of gloves (worn)
Magical Staves
 b - a staff of conjuration
 x - a staff of fire
 S - a staff of poison
Jewellery
 h - a ring of wizardry
 i - a ring of positive energy
 s - a ring of magical power (right hand)
 w - a +6 ring of intelligence (left hand)
 y - a +6 ring of intelligence
 F - an amulet of magic regeneration (around neck)
 J - a ring of fire
 P - an amulet of the acrobat
Wands
 g - a wand of polymorph (5)
 k - a wand of flame (10)
 z - a wand of iceblast (10)
Scrolls
 e - 7 scrolls of teleportation
 p - a scroll of immolation
 t - a scroll of vulnerability
 u - 3 scrolls of magic mapping
 B - 4 scrolls of amnesia
 C - a scroll of silence
 E - a scroll of poison
 G - 2 scrolls of fog
 R - a scroll of acquirement {unknown}
 T - a scroll of fear
 W - a scroll of brand weapon {unknown}
 X - 2 scrolls of enchant armour
Potions
 c - a potion of curing
 f - 2 potions of might {unknown}
 l - 2 potions of lignification
 m - 2 potions of resistance
 n - a potion of ambrosia {unknown}
 v - 4 potions of brilliance
 A - 2 potions of haste
 I - 2 potions of heal wounds {unknown}
 N - a potion of flight {unknown}
 Q - a potion of invisibility {unknown}
 Z - a potion of attraction


   Skills:
 - Level 8.0 Fighting
 - Level 3.5(5.0) Short Blades
 * Level 5.4(6.0) Long Blades
 - Level 2.0 Polearms
 - Level 3.0 Throwing
 - Level 5.0 Armour
 + Level 5.1 Dodging
 - Level 2.0 Stealth
 - Level 7.0 Spellcasting
 + Level 8.0 Conjurations
 + Level 6.1 Hexes
 - Level 5.0 Necromancy
 + Level 7.0 Transmutations
 - Level 10.0 Invocations
 - Level 2.0 Evocations


You had 8 spell levels left.
You knew the following spells:

 Your Spells              Type           Power      Damage    Failure   Level
a - Magic Dart            Conj           100%       1d8       1%          1
b - Searing Ray           Conj           100%       2d8       1%          2
c - Fulminant Prism       Conj/Hex       24%        3d13      4%          4
d - Tukima's Dance        Hex            43%        N/A       2%          3
i - Irradiate             Conj/Tmut      25%        3d20      12%         5
z - Sublimation of Blood  Necr           37%        N/A       1%          2

Your spell library contained the following spells:

 Spells                   Type           Power      Damage    Failure   Level
 Portal Projectile        Hex/Tloc       52%        N/A       8%          3
 Yara's Violent Unravell  Hex/Tmut       23%        3d10      17%         5
 Petrify                  Tmut/Erth      29%        N/A       22%         4
 Call Canine Familiar     Summ           9%         N/A       26%         3
 Leda's Liquefaction      Hex/Erth       13%        N/A       26%         4
 Metabolic Englaciation   Hex/Ice        13%        N/A       58%         5
 Silence                  Hex/Air        13%        N/A       58%         5
 Summon Mana Viper        Hex/Summ       26%        N/A       58%         5
 Passage of Golubria      Tloc           9%         N/A       65%         4
 Statue Form              Tmut/Erth      19%        N/A       97%         6
 Dragon Form              Tmut           24%        N/A       99%         7
 Monstrous Menagerie      Summ           4%         N/A       100%        7
 Chain Lightning          Conj/Air       16%        3d21      100%        9
 Fire Storm               Conj/Fire      16%        8d4       100%        9
 Shatter                  Erth           4%         3d8*      100%        9


Dungeon Overview and Level Annotations

Branches:
Dungeon (11/15)            Temple (0/1) D:5            Lair (0/5) D:11
  IceCv (visited)
    Orc: D:9-12

Altars:
Cheibriados
Dithmenos
Fedhas
Hepliaklqana
Okawaru
Qazlal
Ru
Trog
Uskayaw
Vehumet
Wu Jian
Xom
Yredelemnul

Shops:
D:3 :   D:5 :((=   D:11 :

Annotations:
D:10 hornets in comb


Innate Abilities, Weirdness & Mutations

You have a pair of large horns on your head.
You may rarely emit foul miasma when damaged in melee.
Your magical and physical power is slightly enhanced at high health.
You regenerate magic rapidly.
When seriously injured, your blood forms thick armour. (AC +9)
You occasionally lose the ability to drink potions when taking damage.


Message History

Your blood congeals into armour.
You emit a cloud of foul miasma!
You closely miss the skeletal warrior.
The skeletal warrior is moderately damaged.
The skeletal warrior hits you from afar with a +0 glaive!
You feel threatened and lose the ability to drink potions!
The skeletal warrior hits you with a +0 hand axe!
The skeletal warrior hits you but does no damage.
Abil: Banish
Press: ? - help, Q - select action, (/) - cycle Shift-Dir - straight line, f - skeletal warrior
Aim: a skeletal warrior, wielding a +0 glaive (chance to affect: 23%)
Okay, then.
Abil: Banish
Press: ? - help, Q - select action, (/) - cycle Shift-Dir - straight line, f - skeletal warrior
Aim: a skeletal warrior, wielding a +0 glaive (chance to affect: 23%)
Okay, then.
You closely miss the skeletal warrior.
The skeletal warrior is moderately damaged.
The skeletal warrior barely misses you.
The skeletal warrior hits you but does no damage.
The skeletal warrior closely misses you.
You cannot drink potions in your current state!
You hit the skeletal warrior but do no damage.
Space warps horribly around the skeletal warrior!
The skeletal warrior is heavily damaged.
The skeletal warrior completely misses you.
The skeletal warrior barely misses you. x2
Okay, then.
Really read the scroll of vulnerability?
As you read the scroll of vulnerability, it crumbles to dust.
Magic quickly surges around you.
The skeletal warrior hits you with a +0 hand axe!
The skeletal warrior hits you from afar with a +0 glaive!
* * * LOW HITPOINT WARNING * * *
Abil: Banish
Press: ? - help, Q - select action, (/) - cycle Shift-Dir - straight line, f - skeletal warrior
Aim: a skeletal warrior, wielding a +0 hand axe (heavily damaged, weak-willed, chance to affect: 65%)
The skeletal warrior is devoured by a tear in reality.
Lugonu claims a new guest.
The skeletal warrior hits you from afar with a +0 glaive!!
You die...

*,,,,,,,,,,,##..#,.,,.,,,,***,,
**,,,,,,,,,##...,..,.#.,,,,,.,,
*,,,,,,,,,,#....,.##...,,,,,...
*,,,,,,,*,,#....,.....#**,,,...
**,**,,**,,#...##.$...#**,,,,#.
*,**,,**,,,...........,*....#.
***,,,,***,,*#.z○......,,......
***..,,,∩,,,,*##=§§......,,>...##
*,,...*#,,,,,##.@§.......,,,#..#
,,,...##.,**##...#.##....†,**..#
,,,......,* #...#####......###.##
,,,......####..## *YY.##..†.#.#.
***.......#....# *#.Y.**#.......
**#.........## #..####..##†..)
#.........#####......#..##...
#.....#...##.................
#.....#...........~~≈~~~.....


You could see a skeletal warrior (weak-willed).

Vanquished Creatures
  A frost giant (IceCv)
  A boulder beetle (D:11)
  2 hydras
  A centaur warrior (D:9)
  A two-headed ogre (D:8)
  4 death yaks (IceCv)
  3 skeletal warriors (D:11)
  Pikel (D:7)
  An ugly thing (D:11)
  An ice statue (IceCv)
  A gargoyle (D:10)
  A rime drake (IceCv)
  A komodo dragon (D:8)
  8 polar bears (IceCv)
  2 trolls
  A hornet (D:11)
  A vampire (D:9)
  A wraith (D:9)
  Sigmund (D:4)
  2 shadows (D:11)
  35 yaks
  2 water elementals (D:11)
  A vampire mosquito (D:7)
  3 steam dragons
  2 water moccasins
  3 ice beasts
  5 orc warriors
  2 black bears
  4 centaurs
  13 wolves
  2 lemures (D:7)
  2 kobold brigands
  6 bullfrogs
  2 scorpions (D:6)
  3 necrophages
  16 wights
  A killer bee (D:7)
  4 electric eels (D:11)
  6 howler monkeys
  7 orc priests
  9 hounds
  Crazy Yiuf (D:2)
  2 gnoll boudas
  2 jellies (D:6)
  6 iguanas
  Terence (D:2)
  15 orc wizards
  A statue (D:5)
  10 gnolls
  6 adders
  2 shadow imps (D:7)
  15 white imps
  3 ufetubi
  2 worms
  A dart slug (D:2)
  44 orcs
  3 ball pythons
  6 endoplasms
  5 goblins
  7 hobgoblins
  A quokka (D:2)
  5 bats
  4 frilled lizards
  22 kobolds
  8 rats
  A fulminant prism (D:10)
336 creatures vanquished.

Vanquished Creatures (others)
  A dancing weapon (D:9)
  A white imp (D:11)
  101 fulminant prisms
  11 fungi (D:8)
114 creatures vanquished.

Grand Total: 450 creatures vanquished

Notes
Turn   | Place    | Note
-------+----------+-------------------------------------------
     0 | Abyss:1  | wingedge the Demonspawn Abyssal Knight began the quest for
                  | the Orb.
     0 | Abyss:1  | Reached XP level 1. HP: 18/18 MP: 2/2
     0 | Abyss:1  | Found a corrupted altar of Lugonu.
    23 | Abyss:2  | Noticed a thrashing horror
    23 | Abyss:2  | Noticed a flying skull
    24 | D:1      | Escaped the Abyss
   146 | D:1      | Reached skill level 1 in Dodging
   275 | D:1      | Gained mutation: You have a pair of small horns on your
                  | head. [demonic ancestry]
   275 | D:1      | Reached XP level 2. HP: 22/24 MP: 4/4
   646 | D:1      | Reached skill level 3 in Invocations
  1009 | D:2      | Found a runed translucent door.
  1091 | D:2      | Noticed Terence
  1097 | D:2      | Reached skill level 1 in Throwing
  1097 | D:2      | Gained mutation: When seriously injured, your blood forms
                  | armour. (AC +9) [demonic ancestry]
  1097 | D:2      | Reached XP level 3. HP: 29/29 MP: 5/5
  1106 | D:2      | Killed Terence
  1314 | D:2      | Identified the +4 ring mail of Neijieg {Contam Will+ Regen+
                  | Str+2}
  1354 | D:2      | Reached skill level 1 in Short Blades
  1396 | D:2      | Reached XP level 4. HP: 36/37 MP: 6/6
  2079 | D:2      | Noticed Crazy Yiuf
  2094 | D:2      | Killed Crazy Yiuf
  2208 | D:3      | Gained mutation: When seriously injured, your blood forms
                  | thick armour. (AC +9) [demonic ancestry]
  2208 | D:3      | Reached XP level 5. HP: 38/42 MP: 7/7
  2369 | D:3      | Found Ujushruyf's Book Emporium.
  2675 | D:3      | Found a hazy altar of Hepliaklqana.
  3137 | D:4      | Reached *** piety under Lugonu
  3218 | D:3      | Bought a book of Conjurations for 220 gold pieces
  3223 | D:3      | Learned a level 4 spell: Fulminant Prism
  3307 | D:4      | Reached XP level 6. HP: 48/48 MP: 8/8
  3311 | D:4      | Noticed Sigmund
  3330 | D:4      | Killed Sigmund
  3331 | D:4      | Reached skill level 4 in Invocations
  3331 | D:4      | Reached skill level 1 in Spellcasting
  3468 | D:4      | Found a sacrificial altar of Ru.
  3526 | D:4      | Found a blossoming altar of Fedhas.
  3871 | D:5      | Entered Level 5 of the Dungeon
  3922 | D:5      | Found Mauzubr Nosh's Jewellery Emporium.
  3957 | D:5      | Noticed an ice beast
  3985 | D:5      | Killed an ice beast
  3986 | D:5      | Reached skill level 5 in Invocations
  3986 | D:5      | Reached XP level 7. HP: 42/54 MP: 10/10
  4002 | D:5      | Reached skill level 1 in Conjurations
  4002 | D:5      | Reached skill level 1 in Hexes
  4037 | D:5      | Learned a level 1 spell: Magic Dart
  4040 | D:5      | Learned a level 2 spell: Searing Ray
  4141 | D:5      | Found Tysom's Book Emporium.
  4315 | D:5      | Found Ujir's Antique Weapon Shoppe.
  4406 | D:5      | Found Kosar's Weapon Boutique.
  4495 | D:5      | Reached skill level 1 in Stealth
  4538 | D:5      | Found a radiant altar of Vehumet.
  4673 | D:5      | Found a staircase to the Ecumenical Temple.
  4686 | D:5      | Found a snail-covered altar of Cheibriados.
  4699 | D:5      | Gained mutation: You regenerate magic rapidly. [demonic
                  | ancestry]
  4699 | D:5      | Reached XP level 8. HP: 61/61 MP: 11/11
  4825 | D:6      | Reached skill level 1 in Evocations
  4877 | D:6      | Reached skill level 1 in Long Blades
  4959 | D:6      | Reached skill level 5 in Fighting
  6124 | D:7      | Reached **** piety under Lugonu
  6126 | D:7      | Gained mutation: You have a pair of horns on your head.
                  | [demonic ancestry]
  6126 | D:7      | Reached XP level 9. HP: 68/68 MP: 8/13
  6140 | D:7      | Learned a level 2 spell: Sublimation of Blood
  6151 | D:7      | Reached skill level 1 in Necromancy
  6166 | D:7      | Learned a level 5 spell: Irradiate
  6227 | D:7      | Identified the +2 robe of Catatonia {Dex+2}
  6368 | D:7      | Noticed Pikel
  6380 | D:7      | Killed Pikel
  6545 | D:7      | Found a bloodstained altar of Trog.
  6694 | D:7      | Reached skill level 6 in Invocations
  6832 | D:7      | Noticed a five-headed hydra
  6851 | D:7      | Killed a three-headed hydra
  6852 | D:7      | Gained mutation: You may rarely emit foul miasma when
                  | damaged in melee. [demonic ancestry]
  6852 | D:7      | Reached XP level 10. HP: 37/74 MP: 2/17
  7056 | D:7      | Reached skill level 5 in Conjurations
  7059 | D:7      | Reached skill level 5 in Spellcasting
  7059 | D:7      | Reached skill level 5 in Hexes
  7782 | D:8      | Reached skill level 7 in Invocations
  7890 | D:8      | Identified the +6 rapier of Disharmony {spect, Contam rN++
                  | Int+4}
  7894 | D:8      | Reached ***** piety under Lugonu
  7907 | D:8      | Found a stormy altar of Qazlal.
  8001 | D:8      | Found a shimmering altar of Xom.
  8276 | D:8      | Noticed a two-headed ogre
  8289 | D:8      | Killed a two-headed ogre
  8290 | D:8      | Reached skill level 8 in Invocations
  8486 | D:8      | Found an ornate altar of the Wu Jian Council.
  8633 | D:9      | Found a shadowy altar of Dithmenos.
  8638 | D:9      | Noticed a centaur warrior
  8759 | D:8      | Learned a level 3 spell: Tukima's Dance
  8966 | D:9      | Killed a centaur warrior
  8967 | D:9      | Reached skill level 1 in Transmutations
  8967 | D:9      | Reached skill level 9 in Invocations
  9083 | D:9      | Gained mutation: You have a pair of large horns on your
                  | head. [demonic ancestry]
  9083 | D:9      | Reached XP level 11. HP: 84/84 MP: 10/20
  9196 | D:9      | Found a basalt altar of Yredelemnul.
  9255 | D:9      | Got the Guidebook on Production and Jinxing
  9549 | D:10     | Entered Level 10 of the Dungeon
  9601 | D:10     | Identified the +6 dagger of the Scavenger {vorpal, Will-
                  | Str+5 Dex+2}
  9613 | D:10     | Found a hide-covered altar of Uskayaw.
  9898 | D:10     | Noticed a two-headed ogre
  9903 | D:10     | Banished a two-headed ogre
  9984 | D:10     | Found an iron altar of Okawaru.
 10337 | D:11     | Noticed a six-headed hydra
 10349 | D:11     | Found Gitantigg's Book Shoppe.
 10351 | D:11     | Killed a three-headed hydra
 10375 | D:11     | Found a flickering gateway to a bazaar.
 10390 | Bazaar   | Entered a bazaar
 10395 | Bazaar   | Found Rieciad's Antique Weapon Emporium.
 10412 | Bazaar   | Found Jumop's Assorted Antiques.
 10420 | Bazaar   | Bought a glimmering cloak for 247 gold pieces
 10420 | Bazaar   | Identified the +0 cloak of Feasting {rElec Str+2 Int+7
                  | Dex-5} (You bought it in a shop in a bazaar)
 10431 | Bazaar   | Found Haevirei's Assorted Antiques.
 10436 | Bazaar   | Found Sopomow's Magic Scroll Boutique.
 10446 | Bazaar   | Bought a scroll of identify for 26 gold pieces
 10446 | Bazaar   | Bought a scroll of identify for 26 gold pieces
 10479 | D:11     | Found a frozen archway.
 10503 | IceCv    | Entered an ice cave
 10942 | IceCv    | Noticed a death yak
 10942 | IceCv    | Noticed a death yak
 10942 | IceCv    | Noticed a death yak
 10945 | IceCv    | Killed a death yak
 10945 | IceCv    | Killed a death yak
 10946 | IceCv    | Gained mutation: Your magical and physical power is
                  | slightly enhanced at high health. [demonic ancestry]
 10946 | IceCv    | Reached XP level 12. HP: 73/91 MP: 8/21
 10948 | IceCv    | Killed a death yak
 10949 | IceCv    | Reached skill level 5 in Dodging
 10998 | IceCv    | Reached skill level 5 in Armour
 10998 | IceCv    | Reached skill level 10 in Invocations
 11015 | IceCv    | Noticed a frost giant
 11105 | IceCv    | Killed a frost giant
 11106 | IceCv    | Reached skill level 5 in Necromancy
 11106 | IceCv    | Reached skill level 5 in Transmutations
 11110 | IceCv    | Gained mutation: You occasionally lose the ability to drink
                  | potions when taking damage. [mutagenic glow]
 11260 | IceCv    | Noticed a death yak
 11265 | IceCv    | Reached ****** piety under Lugonu
 11266 | IceCv    | Killed a death yak
 11267 | IceCv    | Reached skill level 5 in Long Blades
 11412 | IceCv    | Identified the +6 scale mail of Dogmatism {rPois Int+3}
 11420 | IceCv    | Got The Lost Atlas of Boris
 11565 | D:11     | Found a staircase to the Lair.
 11679 | D:11     | Noticed a boulder beetle
 11688 | D:11     | Killed a boulder beetle
 12035 | D:11     | Identified a +4 great sword of distortion (a +2 great sword
                  | of freezing corrupted by Lugonu)
 12035 | D:11     | Received a gift from Lugonu
 12150 | D:11     | Slain by a skeletal warrior

Illustrated notes

Levels and vault maps discovered:
D:1:      shiori_shiawase, layout_basic
D:2:      layout_basic, chequers_jeans, minmay_misc_feat_tower, uniq_terence,
          uniq_crazy_yiuf_cottage
D:3:      cheibrodos_pilgrimage, layout_loops_corners,
          nicolae_hepliaklqana_hippocampus, serial_shops, nicolae_square_shop
D:4:      layout_rooms, nicolae_ru_the_path_less_chosen, fedhas_altar_1,
          uniq_sigmund
D:5:      layout_basic, vehumet_statue, general_overflow_altar,
          minmay_temple_entry_drinking_statues, serial_shops,
          nicolae_shop_crystal, shop, nicolae_shop_bloodbath_and_beyond, shop
D:6:      wander_river, layout_layer_cave, kennysheep_cluttered_room
D:7:      nzn_winding_woodlands_three_and_one
          [nzn_winding_woodlands_5x15_crooked, nzn_winding_woodlands_5x15_cabin,
          nzn_winding_woodlands_5x15_eye,
          nzn_winding_woodlands_center_diamonds], layout_loops_corners,
          trog_three_pillars_becter, grunt_decor_cap, kennysheep_path_1,
          chequers_serial_rivers_room_b, minmay_fractal_squares_diagonal_5,
          uniq_pikel
D:8:      layout_basic, mainiacjoe_overflow_alcove_2, kennysheep_little_box,
          mainiacjoe_overflow_alcove_1, dreamdust_mushroom_princess
D:9:      layout_irregular_city, overflow_temple_1_default,
          mainiacjoe_overflow_six_doors_small, lemuel_doored_altar
D:10:     layout_roguey, lemuel_tele_altar, mainiacjoe_overflow_tiny_flanked,
          kennysheep_nub, interstate_on_off, hive_lemuel
D:11:     layout_cave_pools, erik_lair_island, serial_shops, bzr_entry_gold,
          nicolae_square_shop, shop, portal_ice_cave_entry_imps,
          grunt_ministairs_8

Skill      XL: |  1  2  3  4  5  6  7  8  9 10 11 12 |
---------------+-------------------------------------+-----
Dodging        | 1 2 3 4 5 |  5.1
Armour         | 2 3 4 5 |  5.0
Polearms       | 2 |  2.0
Invocations    | 3 5 6 9 10 | 10.0
Throwing       | 1 2 3 |  3.0
Fighting       | 4 5 7 8 |  8.0
Short Blades   | 1 2 3 |  3.5
Spellcasting   | 2 3 4 6 7 |  7.0
Conjurations   | 2 3 4 5 7 8 |  8.0
Hexes          | 2 3 4 5 6 |  6.1
Stealth        | 1 2 |  2.0
Evocations     | 2 |  2.0
Long Blades    | 3 4 5 |  5.4
Necromancy     | 3 4 5 |  5.0
Transmutations | 1 4 7 |  7.0

Action                   |  1- 3 |  4- 6 |  7- 9 | 10-12 || total
-------------------------+-------+-------+-------+-------++-------
Melee: Spear             |    25 |       |       |       ||    25
       Punch             |     1 |       |     2 |     2 ||     5
       Short sword       |    31 |   227 |   139 |       ||   397
       Headbutt          |     4 |    50 |    45 |    15 ||   114
       Falchion          |       |       |    39 |    20 ||    59
       Long sword        |       |       |     9 |     9 ||    18
       Great sword       |       |       |       |    33 ||    33
       Staff             |       |       |       |     1 ||     1
Throw: Javelin           |    14 |    19 |       |       ||    33
       Dart              |     2 |     8 |    26 |     1 ||    37
 Cast: Magic Dart        |       |       |    41 |    12 ||    53
       Searing Ray       |       |       |    52 |    79 ||   131
       Fulminant Prism   |       |       |    13 |    89 ||   102
       Sublimation of Bl |       |       |     3 |     3 ||     6
       Tukima's Dance    |       |       |       |     4 ||     4
       Irradiate         |       |       |       |    31 ||    31
Invok: Depart the Abyss  |     1 |       |       |       ||     1
       Bend Space        |       |       |     2 |     8 ||    10
       Banish            |       |       |       |     2 ||     2
       Brand Weapon With |       |       |       |     1 ||     1
  Use: Scroll            |       |     5 |     3 |    14 ||    22
       Potion            |       |       |       |     9 ||     9
 Stab: Sleeping          |     1 |       |       |       ||     1
       Invisible         |       |     2 |       |       ||     2
Armor: Leather armour    |     7 |       |       |       ||     7
       Ring mail         |     1 |    86 |   136 |   172 ||   395
Dodge: Dodged            |    19 |   100 |   149 |   154 ||   422

Table legend: (Time is in decaauts)
 A = Elapsed time spent in this place.
 B = Non-inter-level travel time spent in this place.
 C = Inter-level travel time spent in this place.
 D = Time resting spent in this place.
 E = Time spent auto-exploring this place.
 F = Levels seen in this place.
 G = Mean time per level.
                   A        B        C        D        E       F      G
               +--------+--------+--------+--------+--------+-----+--------+
         Total |  11984 |  11320 |    664 |   1207 |   6864 |  15 |  798.9 |
       Dungeon |  10881 |  10217 |    664 |    933 |   6510 |  11 |  989.2 |
         Abyss |     23 |     23 |      0 |      0 |      0 |   2 |   11.5 |
        Bazaar |     75 |     75 |      0 |      3 |      0 |   1 |   75.0 |
      Ice Cave |   1002 |   1002 |      0 |    271 |    353 |   1 | 1002.0 |
               +--------+--------+--------+--------+--------+-----+--------+

Top non-repeatable levels by time:
     D:7: 1549 daAuts
     D:6: 1239 daAuts
     D:8: 1148 daAuts
     D:2: 1114 daAuts
     D:3: 1068 daAuts
   IceCv: 1002 daAuts
    D:10: 977 daAuts
     D:1: 963 daAuts
     D:5: 882 daAuts
     D:9: 785 daAuts
     D:4: 636 daAuts
    D:11: 516 daAuts
  Bazaar: 75 daAuts
 Abyss:2: 19 daAuts
 Abyss:1: 4 daAuts
